 Dungeon Crawl Stone Soup version 0.15-a0-60-g2d7d1c5 (webtiles) character file.

328 Egon the Skirmisher (level 5, -8/42 HPs)
             Began as a Demonspawn Abyssal Knight on Apr 6, 2014.
             Was a Believer of Lugonu.
             Killed by divine providence
             ... invoked by an orc priest
              (14 damage)
             ... on Level 3 of the Dungeon.
             The game lasted 00:12:56 (3820 turns).

Egon the Skirmisher (Demonspawn Abyssal Knight)     Turns: 3820, Time: 00:12:57

HP  -8/42        AC  7     Str 13      XL: 5   Next: 15%
MP   9/9         EV  5     Int 14      God: Lugonu [**....]
Gold 171         SH 15     Dex 12      Spells:  0 memorised,  4 levels left

rFire  . . .     SeeInvis .     a - +1 mace
rCold  . . .     Clarity  .     g - +0 scale mail
rNeg   . . .     Conserve .     b - +0 shield
rPois  .         rCorr    .     (no helmet)
rElec  .         rRot     .     (no cloak)
SustAb . .       Spirit   .     (no gloves)
rMut   .         Warding  .     r - +0 pair of boots
Saprov . . .     Stasis   .     (no amulet)
MR     .....                    (no ring)
                                z - ring of invisibility

@: not resistant to hostile enchantments, extremely unstealthy
A: claws 1, powered by death 2
a: Depart the Abyss, Bend Space, Renounce Religion, Evoke Invisibility


You were on level 3 of the Dungeon.
You worshipped Lugonu.
Lugonu was pleased with you.
You were very hungry.

You visited 1 branch of the dungeon, and saw 4 of its levels.
You visited the Abyss 1 time.

You collected 171 gold pieces.

Inventory:

Hand weapons
 a - a +1,+1 mace (weapon)
Armour
 b - a +0 shield (worn)
 g - a +0 scale mail (worn)
 r - a +0 pair of boots (worn)
Magical devices
 o - a wand of confusion (6)
 t - a wand of random effects (6)
Comestibles
 k - a bread ration
 w - 2 chokos
Scrolls
 c - 2 scrolls of teleportation {unknown}
 d - 2 scrolls of identify {unknown}
 e - a scroll of immolation {unknown}
 h - a scroll of enchant weapon II {unknown}
 j - a scroll of enchant weapon I {unknown}
 l - 2 scrolls of amnesia {unknown}
 n - a scroll of remove curse {unknown}
 u - a scroll of recharging {unknown}
 x - a scroll of enchant armour {unknown}
 y - a scroll of blinking {unknown}
Jewellery
 z - a ring of invisibility (left claw)
Potions
 f - a potion of degeneration {unknown}
 i - 3 potions of curing {unknown}
 m - 2 potions of mutation {unknown}
 p - a potion of lignification {unknown}
 q - a potion of agility {unknown}
 s - a potion of beneficial mutation {unknown}


   Skills:
 + Level 4.0 Fighting
 + Level 2.6 Maces & Flails
 + Level 2.2 Armour
 + Level 1.1 Dodging
 + Level 1.3 Shields
 + Level 4.0 Invocations


You had 4 spell levels left.
You didn't know any spells.

Dungeon Overview and Level Annotations

Branches:
Dungeon (4/15)
 Temple: D:4-7

Altars:
Nemelex Xobeh
Xom

Annotations:
D:3 hunterx7d's ghost, experienced OpTm
D:4 marcus' ghost, experienced FoFi


Innate Abilities, Weirdness & Mutations

You have sharp fingernails.
You can steal the life force of defeated enemies.


Message History

The orc priest is lightly wounded.
The orc hits you from afar with a halberd.
* * * LOW HITPOINT WARNING * * *
The orc priest hits you with a trident.
* * * LOW HITPOINT WARNING * * *
Evoke which item? (* to show all) (? for menu, Esc to quit)
Zapping:
o - a wand of confusion {zapped: 5}
Press: ? - help, Shift-Dir - straight line, f - orc priest
Aim: an orc priest, wielding a trident and wearing a ring mail (lightly wounded)
The orc priest appears confused.
The orc hits you but does no damage.
The orc priest hits the orc with a trident.
The orc priest gestures wildly.
There is an open door here.
The orc priest seems less confused.
The orc priest calls upon Beogh to heal the orc.
The orc's wounds heal themselves!
There is an open door here.
The orc priest mumbles some strange prayers to Beogh against you.
Something smites you!
You die...

#.# ##...## #.###.(...#
#.##....... ###########
#.##..._... #.........#
########.##....... #.........#
#.........##.....#
#.........######..........##...##
'.......o.'...o'..........######
#........<######@)........#
#....(....# #..........#
#.........# ####'#######
##'######## #.## #.## #..# #..##
##.# ##..# ####'########
####'####### ####...........#
...........###..'...........#


You could see an orc priest and an orc.

Vanquished Creatures
  Terence (D:3)
  3 gnolls (D:3)
  3 adders
  An inept feature mimic (D:3)
  3 worms
  4 giant geckos
  An orc (D:4)
  7 bats
  3 giant cockroaches
  7 hobgoblins
  3 jackals (D:2)
  8 kobolds
  2 quokkas (D:3)
  A giant newt (D:4)
  5 goblins
  An orc skeleton (D:4)
  8 rats
61 creatures vanquished.

Notes
Turn   | Place    | Note
--------------------------------------------------------------
     0 | Abyss:1  | Egon, the Demonspawn Abyssal Knight, began the quest for the Orb.
     0 | Abyss:1  | Reached XP level 1. HP: 18/18 MP: 1/1
    30 | Abyss:1  | Noticed a starcursed mass
    31 | D:1      | Escaped the Abyss
   326 | D:1      | Acquired Lugonu's first power
   369 | D:1      | Gained mutation: You can steal the life force of nearby defeated enemies. [demonic ancestry]
   369 | D:1      | Reached XP level 2. HP: 24/24 MP: 2/2
   598 | D:1      | Found a shimmering altar of Xom.
  1345 | D:1      | Found a shimmering altar of Xom.
  1864 | D:2      | Gained mutation: You can steal the life force of defeated enemies. [demonic ancestry]
  1864 | D:2      | Reached XP level 3. HP: 29/29 MP: 5/5
  2410 | D:3      | Noticed hunterx7d's ghost (experienced OpTm)
  2587 | D:3      | Acquired Lugonu's second power
  2587 | D:3      | Reached skill level 1 in Dodging
  2608 | D:3      | Reached XP level 4. HP: 29/36 MP: 7/7
  2815 | D:3      | Found a sparkling altar of Nemelex Xobeh.
  2911 | D:3      | Reached skill level 1 in Shields
  2940 | D:3      | Reached skill level 4 in Invocations
  3065 | D:3      | Noticed Terence
  3098 | D:3      | Killed Terence
  3098 | D:3      | Gained mutation: You have sharp fingernails. [demonic ancestry]
  3098 | D:3      | Reached XP level 5. HP: 18/42 MP: 9/9
  3437 | D:4      | Noticed marcus' ghost (experienced FoFi)
  3523 | D:3      | HP: 2/42 [orc priest/divine providence (15)]
  3820 | D:3      | Killed from afar by an orc priest

Action                   |  1- 3 |  4- 6 || total
-------------------------+-------+-------++-------
Melee: Mace              |   160 |    96 ||   256
Invok: Depart the Abyss  |     1 |       ||     1
Evoke: Wand              |     2 |    10 ||    12
 Stab: Confused          |     1 |     1 ||     2
